 Dungeon Crawl Stone Soup version 0.20.1-1-g8b1a95d (webtiles) character file.

84 ANON1729 the Firebug (level 4, -2/24 HPs)
             Began as a Tengu Fire Elementalist on July 31, 2017.
             Shot with an arrow by a centaur (11 damage)
             ... on level 3 of the Dungeon.
             The game lasted 00:04:49 (1680 turns).

ANON1729 the Firebug (Tengu Fire Elementalist)      Turns: 1680, Time: 00:04:50

Health: -2/24      AC:  2    Str:  8    XL:     4   Next: 45%
Magic:  8/8        EV: 12    Int: 17    God:
Gold:   81         SH:  0    Dex: 14    Spells: 0/8 levels left

rFire    . . .     SeeInvis .   (no weapon)
rCold    . . .     Gourm    .   (no shield)
rNeg     . . .     Faith    .   a - +0 robe
rPois    .         Spirit   .   (helmet restricted)
rElec    .         Reflect  .   (no cloak)
rCorr    .         Harm     .   (no gloves)
MR       .....                  (boots unavailable)
Stlth    ++........             (no amulet)
Regen    0.1/turn               (no ring)
MPRegen  0.2/turn               (no ring)

@: no status effects
A: beak, talons 3
a: no special abilities


You were on level 3 of the Dungeon.
You were not hungry.

You visited 1 branch of the dungeon, and saw 3 of its levels.

You collected 81 gold pieces.

Inventory:

Armour
 a - a +0 robe (worn)
Scrolls
 d - 2 scrolls of fear {unknown}
 g - a scroll of enchant armour {unknown}
 k - a scroll of amnesia {unknown}
 o - a scroll of teleportation {unknown}
Potions
 e - 2 potions of heal wounds {unknown}
 h - a potion of ambrosia {unknown}
 i - a potion of mutation {unknown}
 j - a potion of curing {unknown}
 m - a potion of berserk rage {unknown}
 n - a potion of brilliance {unknown}
Books
 b - a book of Flames

   Spells                             Type                      Level
   a - Flame Tongue                   Conjuration/Fire             1
   b - Throw Flame                    Conjuration/Fire             2
   c - Conjure Flame                  Conjuration/Fire             3
   d - Inner Flame                    Hexes/Fire                   3
   e - Sticky Flame                   Conjuration/Fire             4
   f - Fireball                       Conjuration/Fire             5
Comestibles
 c - 2 bread rations
 f - 7 chunks of flesh
 l - a meat ration


   Skills:
 - Level 2.1 Dodging
 - Level 2.0 Stealth
 * Level 2.6 Spellcasting
 + Level 2.9 Conjurations
 * Level 4.6 Fire Magic


You couldn't memorise any spells.
You knew the following spells:

 Your Spells              Type           Power        Failure   Level  Hunger
a - Flame Tongue          Conj/Fire      ###..        3%          1    #......
b - Conjure Flame         Conj/Fire      ###.....     12%         3    ###....
c - Sticky Flame          Conj/Fire      ###.....     36%         4    #####..


Dungeon Overview and Level Annotations

Branches:
Dungeon (3/15)

Altars:


Innate Abilities, Weirdness & Mutations

You have a beak for a mouth.
You have claws for feet.


Message History

Magic restored.
You see here 18 bolts.
You open the door.
There is an open door here.
n - a blue potion
o - a scroll labeled KUINEAWNAM
There is an open door here.
Found a stone staircase leading up and a stone staircase leading down.
A centaur comes into view.
The centaur shouts!
The centaur wields a shortbow.
The centaur shoots an arrow.
The arrow hits you!
Ouch! That really hurt!
You see here an arrow.
You aren't carrying any items that you can evoke.
Unknown command.
Casting: Flame Tongue
Confirm with . or Enter, or press ? or * to list all spells.
Okay, then.
The centaur shoots an arrow.
The arrow hits you!
You die...

.. .. ..#. .#.## ....
#... ####### #..#
#.....####..### ###
#.....#.##..@.##.....
#......#.##.#(<...c..
#######.###.#.##...>.
#...#...........####
#...'(.##.#..####
#...##.##.#..#
#####...#.#..#
#.#..#.#..##
#.#........###


You could see a centaur.

Vanquished Creatures
  3 adders (D:2)
  A worm (D:2)
  2 dart slugs (D:1)
  4 bats
  3 giant cockroaches (D:1)
  3 hobgoblins
  9 jackals (D:2)
  2 ball pythons
  6 frilled lizards (D:1)
  6 goblins
  7 kobolds
  3 rats
49 creatures vanquished.

Notes
Turn   | Place    | Note
-------+----------+-------------------------------------------
     0 | D:1      | ANON1729 the Tengu Fire Elementalist began the quest for the Orb.
     0 | D:1      | Reached XP level 1. HP: 10/10 MP: 4/4
   152 | D:1      | Reached XP level 2. HP: 11/15 MP: 0/6
   206 | D:1      | Reached skill level 4 in Fire Magic
   489 | D:1      | Reached XP level 3. HP: 19/19 MP: 2/7
  1011 | D:2      | Reached XP level 4. HP: 16/24 MP: 0/8
  1226 | D:2      | Learned a level 3 spell: Conjure Flame
  1231 | D:2      | Learned a level 4 spell: Sticky Flame
  1678 | D:3      | Noticed a centaur
  1680 | D:3      | Shot with an arrow by a centaur

Skill      XL: |  1  2 |
---------------+-------+-----
Fire Magic     | 4 |  4.6
Conjurations   | 2 |  2.9
Dodging        | |  2.1
Stealth        | |  2.0
Spellcasting   | |  2.6

Action                   |  1- 3 |  4- 6 || total
-------------------------+-------+-------++-------
Melee: Unarmed           |    35 |       ||    35
       Kick              |     5 |       ||     5
       Peck              |     2 |       ||     2
 Cast: Flame Tongue      |    55 |    29 ||    84
 Stab: Sleeping          |     1 |       ||     1
  Eat: Chunk             |     1 |     2 ||     3
Armor: Robe              |    16 |     5 ||    21
Dodge: Dodged            |    54 |    21 ||    75
